 Dungeon Sprint DCSS version 0.31-a0-344-gd109795599 (webtiles) character file.

Game seed: 17965981949182055596

149 Conn the Firebug (level 5, -2/31 HPs)
             Began as an Octopode Fire Elementalist on July 22, 2023.
             Was an Initiate of Sif Muna.
             Slain by a human
             ... wielding a +0 hand axe
              (11 damage)
             ... in the Dungeon (Sprint III: "The Ten Rune Challenge").
             The game lasted 00:03:42 (481 turns).

Conn the Firebug (Octopode Fire Elementalist)        Turns: 481, Time: 00:03:43

Health: -2/31      AC:  1    Str:  5    XL:     5   Next: 31%
Magic:  12/12      EV: 14    Int: 19    God:    Sif Muna [......]
Gold:   27         SH:  0    Dex: 13    Spells: 2/14 levels left

rFire   + . .        h - +0 dagger
rCold   . . .        (no shield)
rNeg    . . .        (helmet restricted)
rPois   .            (no amulet)
rElec   .            (no ring)
rCorr   .            (no ring)
SInv    .            (no ring)
Will    .....        (no ring)
Stlth   ++++         (no ring)
HPRegen 0.25/turn    (no ring)
MPRegen 0.13/turn    (no ring)
                     (no ring)

%: no teleportation, random rage (3%)
@: hasted, very quick
A: almost no armour, amphibious, 8 rings, camouflage 1, gelatinous body 1,
(nimble swimmer 1), tentacles, berserk 1, fire resistance 1, weak 1
a: Renounce Religion


You were in the Dungeon.
You worshipped Sif Muna.
Sif Muna was noncommittal.
You visited 1 branch You collected 27 gold pieces.

Inventory:

Hand Weapons
 h - a +0 dagger (weapon)
Wands
 g - a wand of flame (14)
Scrolls
 i - 2 scrolls of torment {unknown}
 j - 3 scrolls of identify
Potions
 a - 2 potions of magic
 c - 3 potions of mutation
 e - a potion of berserk rage
 k - a potion of invisibility {unknown}
 l - a potion of brilliance {unknown}
 m - a potion of attraction {unknown}


   Skills:
 + Level 3.9 Dodging
 + Level 5.3 Stealth
 * Level 5.1 Spellcasting
 * Level 2.3 Conjurations
 + Level 7.6 Fire Magic


You had 2 spell levels left.
You knew the following spells:

 Your Spells              Type           Power      Damage    Failure   Level
a - Foxfire               Conj/Fire      92%        2x1d8     1%          1
b - Scorch                Fire           68%        2d7       1%          2
c - Inner Flame           Hex/Fire       19%        N/A       8%          3
d - Flame Wave            Conj/Fire      23%        2d8       16%         4
e - Searing Ray           Conj           26%        2d5       7%          2

Your spell library contained the following spells:

 Spells                   Type           Power      Damage    Failure   Level
 Magic Dart               Conj           52%        1d5       4%          1
 Volatile Blastmotes      Fire/Tloc      38%        2d13      8%          3
 Fulminant Prism          Conj/Hex       4%         3d5       58%         4
 Conjure Ball Lightning   Conj/Air       4%         3x3d6     100%        6
 Discord                  Hex            2%         N/A       100%        8
 Disjunction              Tloc           2%         N/A       100%        8


Dungeon Overview and Level Annotations

Branches:
Dungeon (1/1)

Altars:
Kikubaaqudgha
Sif Muna
Vehumet


Innate Abilities, Weirdness & Mutations

You cannot wear most types of armour.
You are amphibious.
You can wear up to eight rings at the same time.
Your skin changes colour to match your surroundings (Stealth+).
Your rubbery body absorbs attacks. (AC +1, EV +1)
((You are camouflaged when in or above water. (Stealth+)))
You have tentacles for arms and can constrict up to eight enemies at once.
You sometimes lose your temper in combat.
Your flesh is heat resistant. (rF+)
You are weak. (Str -2)


Message History

Casting: Inner Flame (quite dangerous; 8% risk of failure)
Confirm with . or Enter, or press ? or * to list all spells.
Okay, then.
Casting: Inner Flame (quite dangerous; 8% risk of failure)
Confirm with . or Enter, or press ? or * to list all spells.
You conjure some foxfire!
Casting: Foxfire (safe; 1% risk of failure)
Confirm with . or Enter, or press ? or * to list all spells.
Aiming: Searing Ray (safe; 7% risk of failure)
Press: ? - help, Shift-Dir - straight line, f/p - human
Aim: a human, wielding a +0 hand axe (berserk, inner flame, ally target, 67% to hit)
Really fire in your foxfire's direction?
The searing ray hits your foxfire.
Your foxfire is lightly damaged.
The searing ray hits the human but does no damage. (Press . to maintain the ray.)
The foxfire hits the human.
Flame seeps out of the human.
The human is lightly wounded.
Unknown command.
Unknown command.
The searing ray hits the human.
Flame seeps out of the human.
The human is lightly wounded.
Unknown command.
The searing ray hits the human.
Flame seeps out of the human.
The human is moderately wounded.
The searing ray misses the human.
The human is engulfed in blazing flames.
Flame seeps out of the human.
Unknown command.
The searing ray misses the human.
The searing ray hits the human.
Flame seeps out of the human.
The human is lightly wounded.
You finish channelling your searing ray.
The human rages.
The human is engulfed in blazing flames.
Flame seeps out of the human.
Your foxfire dissipates!
You hear a shout!
Magic courses through your body. The human hits you with a +0 hand axe!
You die...

▓†..#......#####..#
▓..##.......#..#..# #
▓##.##.##..÷#..#..###'#'###
##.##.###§.##'#..#........
▓#.####.##§.###...'.e......
▓.###÷.##.§####.e.#...####
▓#.....##.§###p...#.⌠.#
###..##...##.....#...#
##.§##...@#......#'###
#.v###..##p#.....#.))# #[.#
#..#####....#___# ▓▓▓▓ ▓▓▓▓
▓▓▓▓▓▓▓▓▓▓


You could see a human (berserk, inner flame).

Vanquished Creatures
  A water elemental (D)
  Jessica (D)
  A wizard (D)
  A human (D)
  A kobold demonologist (D)
  A phantom (D)
  3 rats (D)
9 creatures vanquished.

Vanquished Creatures (others)
  16 foxfires (D)
16 creatures vanquished.

Grand Total: 25 creatures vanquished

Notes
Turn   | Place    | Note
-------+----------+-------------------------------------------
     0 | D        | Conn the Octopode Fire Elementalist began the quest for the
                  | Orb.
     0 | D        | Reached XP level 1. HP: 11/11 MP: 3/3
    75 | D        | Noticed Jessica
    80 | D        | Killed Jessica
    81 | D        | Reached skill level 5 in Fire Magic
    81 | D        | Reached XP level 2. HP: 17/17 MP: 0/6
    81 | D        | Reached XP level 3. HP: 21/21 MP: 0/7
   163 | D        | Learned a level 2 spell: Scorch
   167 | D        | Learned a level 3 spell: Inner Flame
   313 | D        | Gained mutation: You are weak. (Str -2) [potion of
                  | mutation]
   313 | D        | Gained mutation: Your flesh is heat resistant. (rF+)
                  | [potion of mutation]
   313 | D        | Gained mutation: You sometimes lose your temper in combat.
                  | [potion of mutation]
   318 | D        | Noticed a water elemental
   322 | D        | Killed a water elemental
   323 | D        | Reached skill level 7 in Fire Magic
   323 | D        | Reached XP level 4. HP: 27/27 MP: 0/10
   411 | D        | Found a radiant altar of Vehumet.
   411 | D        | Found a shimmering blue altar of Sif Muna.
   411 | D        | Found an ancient bone altar of Kikubaaqudgha.
   411 | D        | Noticed a wizard
   413 | D        | Killed a wizard
   414 | D        | Reached skill level 5 in Stealth
   414 | D        | Reached XP level 5. HP: 31/31 MP: 12/12
   418 | D        | Reached skill level 5 in Spellcasting
   419 | D        | Became a worshipper of Sif Muna the Loreminder
   461 | D        | Learned a level 4 spell: Flame Wave
   464 | D        | Learned a level 2 spell: Searing Ray
   468 | D        | Noticed a human
   468 | D        | Noticed a human
   468 | D        | Noticed a deep elf pyromancer
   481 | D        | Slain by a human

Illustrated notes

Levels and vault maps discovered:
D:        dungeon_sprint_mu [sprint_mu_entry_cave, sprint_mu_temple_rooms,
          sprint_mu_d1_horrors, sprint_mu_d2_genie, sprint_mu_d3_branching,
          sprint_mu_orc_legion, sprint_mu_elf_gauntlet, sprint_mu_hive_nellie,
          sprint_mu_lair_fedhas, sprint_mu_vaults_butterflies,
          sprint_mu_slime_circle, sprint_mu_swamp_cave, sprint_mu_snake_twists,
          sprint_mu_blade_basic, sprint_mu_crypt_lich, sprint_mu_tomb_spiral,
          sprint_mu_vestibule_basic, sprint_mu_gehenna_hellfire,
          sprint_mu_dis_giant, sprint_mu_tartarus_statrot,
          sprint_mu_cocytus_islands, sprint_mu_zot1]

Skill      XL: |  1  2  3  4  5 |
---------------+----------------+-----
Stealth        | 3 4 5 |  5.3
Spellcasting   | 3 4 5 |  5.1
Fire Magic     | 5 7 |  7.6
Dodging        | 3 |  3.9
Conjurations   | 2 |  2.3

Action                     |  1- 3 |  4- 6 || total
---------------------------+-------+-------++-------
  Melee: Constrict         |     2 |     1 ||     3
         Unarmed           |     1 |       ||     1
         Dagger            |     8 |     4 ||    12
         Tentacles         |     1 |       ||     1
   Cast: Foxfire           |     9 |     1 ||    10
         Scorch            |     7 |       ||     7
         Inner Flame       |       |     2 ||     2
         Searing Ray       |       |     1 ||     1
    Use: Potion            |     2 |     3 ||     5
         Scroll            |       |     1 ||     1
   Stab: Sleeping          |       |     2 ||     2
 Armour: Skin              |     2 |       ||     2
  Dodge: Dodged            |     7 |       ||     7

Table legend: (Time is in decaauts)
 A = Elapsed time spent in this place.
 B = Non-inter-level travel time spent in this place.
 C = Inter-level travel time spent in this place.
 D = Time resting spent in this place.
 E = Time spent auto-exploring this place.
 F = Levels seen in this place.
 G = Mean time per level.
                   A        B        C        D        E       F      G
               +--------+--------+--------+--------+--------+-----+--------+
         Total |    477 |    477 |      0 |    258 |      0 |   1 |  477.0 |
       Dungeon |    477 |    477 |      0 |    258 |      0 |   1 |  477.0 |
               +--------+--------+--------+--------+--------+-----+--------+

Top non-repeatable levels by time:
       D: 477 daAuts
